Map: Frostline LE

Players

GangusKaun

  • Race: Protoss Protoss
  • League: Gold
  • Spawn Location: 7:00

Xon - Winner!

  • Race: Terran Terran
  • League: Silver
  • Spawn Location: 1:00

VOD

Have the link to the VOD?

Description

Time

  • Played on: Dec. 6, 2024, 3:56 p.m.
  • Length: 12:58
Show
View Real Time Build Order
Export as new Build Order

GangusKaun Protoss 

Build Orders: Zealot Archon 

Get SALT Encoding   

  12  0:11  Pylon  
  12  0:13  Probe  
  13  0:25  Probe  
  14  0:31  Gateway  
  14  0:40  Probe, Assimilator  
  15  0:55  Probe  
  16  1:07  Probe  
  17  1:19  Probe  
  18  1:31  Probe  
  19  1:33  Cybernetics Core  
  19  1:50  Nexus  
  19  1:53  Pylon  
  19  2:02  Assimilator  
  19  2:03  Warp Gate  
  19  2:10  Adept  
  20  2:18  Probe  
  21  2:30  Probe  
  22  2:46  Twilight Council  
  22  2:48  Probe  
  23  2:52  Adept  
  25  3:03  Gateway  
  25  3:16  Probe  
  26  3:21  Probe  
  26  3:24  Probe  
  27  3:31  Robotics Facility  
  27  3:33  Gateway  
  28  3:38  Shield Battery  
  28  3:39  Probe x2  
  30  3:51  Probe  
  31  4:04  Dark Shrine  
  31  4:06  Shield Battery  
  31  4:17  Probe  
  32  4:19  Warp Prism  
  32  4:23  Blink  
  34  4:26  Probe  
  34  4:27  Assimilator  
  34  4:29  Probe, Assimilator  
  36  4:34  Pylon  
  36  4:38  Probe  
  37  4:48  Adept x2  
  37  4:49  Adept  
  33  5:16  Stalker  
  30  5:28  Dark Templar  
  25  5:56  Dark Templar  
  25  5:57  Pylon  
  25  6:05  Gateway  
  25  6:07  Gateway  
  25  6:09  Gateway  
  25  6:14  Pylon  
  25  6:17  Robotics Facility  
  25  6:20  Shield Battery, Probe  
  25  6:22  Probe  
  27  6:32  Probe  
  28  6:34  Probe  
  28  6:36  Charge  
  29  6:44  Probe  
  29  6:46  Probe  
  31  6:47  Pylon  
  31  6:51  Shield Battery  
  31  6:55  Dark Templar  
  31  6:57  Probe  
  34  7:01  Stalker x2  
  34  7:03  Stalker  
  40  7:09  Observer  
  40  7:15  Archon  
  41  7:25  Probe x2  
  43  7:30  Shield Battery  
  42  7:37  Probe x2  
  38  7:45  Dark Templar  
  38  7:46  Immortal, Dark Templar x2  
  48  8:00  Probe  
  48  8:01  Archon, Probe  
  50  8:23  Zealot  
  50  8:24  Zealot x3  
  44  8:47  Sentry  
  44  8:49  Dark Templar x3  
  44  8:53  Probe x2  
  52  8:59  Immortal  
  56  9:13  Archon  
  56  9:17  Stalker  
  58  9:30  Stalker x3  
  64  9:47  Dark Templar  
  66  9:53  Stalker x2  
  48  10:19  Stalker x4  
  49  10:26  Dark Templar x2  
  49  10:27  Dark Templar x2  
  49  10:28  Dark Templar x3  
  37  10:29  Dark Templar  
  33  10:58  Nexus  
  33  11:02  Pylon  
  33  11:08  Pylon  
  33  11:25  Gateway  
  33  11:26  Gateway  
  33  11:27  Gateway  
  29  11:51  Probe  
  30  11:56  Assimilator  
  30  11:58  Assimilator  
  30  12:04  Probe  
  31  12:11  Forge  
  31  12:16  Probe  
  32  12:28  Probe  
  33  12:43  Dark Templar  
  35  12:44  Dark Templar x2  
Show
View Real Time Build Order
Export as new Build Order

Xon Terran - Winner!

Build Orders:  

Get SALT Encoding   

  12  0:05  SCV  
  13  0:24  SCV  
  13  0:25  Supply Depot  
  14  0:36  Refinery, SCV  
  15  0:48  SCV  
  16  0:57  Barracks  
  16  1:03  Barracks  
  16  1:07  SCV  
  17  1:30  Barracks  
  17  1:38  SCV  
  18  1:48  Marine  
  18  1:50  SCV  
  20  1:57  Marine  
  21  2:03  SCV  
  21  2:08  Supply Depot  
  22  2:15  SCV  
  23  2:19  Barracks Reactor  
  23  2:24  Barracks Tech Lab  
  23  2:29  Marine  
  25  2:36  Supply Depot  
  25  2:41  Orbital Command  
  24  2:48  Barracks Reactor  
  24  2:50  Marine  
  25  2:57  Marine  
  25  2:58  Marine, Supply Depot  
  27  3:08  Marine  
  28  3:15  Marine  
  28  3:16  Marine  
  29  3:26  Marine  
  29  3:33  Command Center  
  29  3:38  Marine x4  
  29  3:40  Engineering Bay  
  33  3:44  Marine  
  34  3:55  Marine  
  34  3:58  Marine  
  34  3:59  Marine x2  
  34  4:01  Marine  
  39  4:13  Marine  
  39  4:16  Marine  
  39  4:17  Marine x2  
  41  4:19  Marine  
  41  4:20  Missile Turret  
  44  4:31  Marine  
  44  4:34  Marine x2  
  44  4:36  Supply Depot  
  47  4:41  Stimpack  
  47  4:44  Marine x2  
  49  4:49  SCV  
  49  4:51  Marine  
  48  5:01  SCV  
  42  5:13  SCV  
  41  5:25  SCV  
  41  5:28  Marine x4  
  43  5:29  Marine  
  47  5:36  Supply Depot  
  47  5:37  SCV  
  45  5:46  Marine x5  
  43  6:02  Orbital Command  
  43  6:03  Marine  
  44  6:04  Marine x3  
  40  6:28  Marine  
  40  6:29  Marine x4  
  45  6:37  Missile Turret  
  45  6:43  Combat Shield  
  45  6:46  Marine  
  45  6:47  Marine x4  
  46  6:48  SCV  
  51  6:54  Terran Infantry Weapons Level 1  
  51  7:00  SCV  
  52  7:04  Marine x3  
  52  7:05  Marine x2, Missile Turret  
  57  7:12  SCV  
  57  7:13  Supply Depot  
  58  7:19  Refinery  
  58  7:22  Marine x5  
  59  7:24  SCV  
  64  7:31  Missile Turret  
  64  7:37  SCV  
  62  7:40  Marine x5  
  64  7:57  Marine  
  64  7:58  Marine x4  
  69  8:07  SCV  
  70  8:13  Refinery  
  70  8:15  Marine  
  70  8:16  Marine x4  
  70  8:19  SCV  
  76  8:28  Factory  
  76  8:31  SCV  
  76  8:33  Bunker, Marine x2  
  76  8:34  Marine x3  
  78  8:43  SCV  
  79  8:48  Terran Infantry Armor Level 1  
  79  8:52  Marine  
  79  8:55  SCV  
  81  9:26  Starport  
  81  9:28  Starport  
  81  9:29  Factory Tech Lab  
  80  9:48  Siege Tank  
  66  10:20  Siege Tank  
  67  10:40  Medivac x2  
  60  10:52  Siege Tank  
  63  11:04  Marine x5  
  68  11:22  Marine x5  
  68  11:23  Bunker  
  68  11:24  Siege Tank  
  76  11:35  Medivac x2  
  76  11:36  Bunker  
  76  11:39  Marine  
  80  11:40  Marine x4  
  85  11:57  Marine  
  86  12:17  Marine  
  86  12:19  Marine  
  86  12:21  Marine  
  86  12:22  Marine  
  86  12:24  Marine  
  85  12:35  Marine  
Tags
 
Composition
Zealot Archon
Matchup
PvT
Spawn Locations
Cross Positions
Add a new tag
Caveats
  • Supply blocks, unpowered buildings, or Contaminate may cause inaccurate times.
  • Supply counts are checked every 10 seconds.